 Dungeon Crawl Stone Soup version 0.28.0-49-g6dfe1f597d (webtiles) character file.

Game seed: 7590158073957152506

9 Exodus22XD the Sneak (level 2, -1/15 HPs)
             Began as a Kobold Enchanter on May 15, 2022.
             Slain by a jackal (2 damage)
             ... on level 1 of the Dungeon.
             The game lasted 00:00:18 (529 turns).

Exodus22XD the Sneak (Kobold Enchanter)              Turns: 529, Time: 00:00:18

Health: -1/15      AC:  2    Str:  5    XL:     2   Next: 20%
Magic:  5/5        EV: 15    Int: 16    God:
Gold:   23         SH:  0    Dex: 15    Spells: 5/5 levels left

rFire   . . .      SeeInvis .   a - +1 dagger
rCold   . . .      Faith    .   (no shield)
rNeg    . . .      Spirit   .   b - +0 robe
rPois   .          Reflect  .   (no helmet)
rElec   .          Harm     .   (no cloak)
rCorr   .          Rampage  .   (no gloves)
Will    .....                   (no boots)
Stlth   ++++......              (no amulet)
HPRegen 0.05/turn               (no ring)
MPRegen 0.09/turn               (no ring)

@: no status effects
A: small, no large weapons, nightstalker 3
a: no special abilities


You were on level 1 of the Dungeon.
You visited 1 branch of the dungeon, and saw 1 of its levels.

You collected 23 gold pieces.

Inventory:

Hand Weapons
 a - a +1 dagger (weapon)
Armour
 b - a +0 robe (worn)
Scrolls
 e - a scroll of teleportation {unknown}
Potions
 c - a potion of invisibility
 d - 2 potions of attraction {unknown}


   Skills:
 - Level 1.3 Short Blades
 - Level 2.4 Dodging
 + Level 5.0 Stealth
 - Level 2.1 Spellcasting
 - Level 3.0 Hexes


You had 5 spell levels left.
You didn't know any spells.
Your spell library contained the following spells:

 Spells                   Type           Power      Damage    Failure   Level
 Ensorcelled Hibernation  Hex/Ice        12%        N/A       17%         2
 Confusing Touch          Hex            11%        N/A       19%         3
 Tukima's Dance           Hex            11%        N/A       19%         3
 Dazzling Flash           Conj/Hex       12%        N/A       32%         3


Dungeon Overview and Level Annotations

Branches:
Dungeon (1/15)

Altars:


Innate Abilities, Weirdness & Mutations

You are small and have problems with some larger weapons.
You are completely attuned to the shadows.


Message History

The jackal closely misses you. The jackal closely misses you.
The jackal completely misses you. The jackal closely misses you.
The jackal barely misses you.
You miss the jackal. The jackal bites you. The jackal barely misses you.
The jackal stops to sniff the ground.
The jackal closely misses you.
You hit the jackal.
The jackal is heavily wounded.
The jackal barely misses you.
The jackal bites you but does no damage.
The jackal barely misses you.
You hit the jackal.
The jackal is severely wounded.
The jackal closely misses you. x2; The jackal barely misses you.
You barely miss the jackal.
The jackal is severely wounded.
The jackal bites you. The jackal closely misses you.
The jackal bites you but does no damage.
The jackal bites you. The jackal closely misses you.
The jackal barely misses you.
You hit the jackal.
The jackal is almost dead.
The jackal misses you. x2; The jackal closely misses you.
You closely miss the jackal.
The jackal is almost dead.
The jackal closely misses you. The jackal bites you.
* * * LOW HITPOINT WARNING * * *
The jackal misses you.
You miss the jackal.
The jackal is almost dead.
The jackal bites you but does no damage.
The jackal closely misses you. x2; The jackal bites you.
* * * LOW HITPOINT WARNING * * *
The jackal barely misses you. The jackal completely misses you.
You hit the jackal.
You kill the jackal!
The jackal completely misses you. The jackal bites you.
You die...

#...# #.#..≈..#..#
####...# #...≈≈≈....#
#.....## ###.§≈..#..#
#.....# ##...##..#
#.....########.##.###
#..............##.#
##..............##.#
...............h##.#
.......########h@#.#
.......# ##†#.#
.......#
#...###########
.......#
##............#
.......#
#............#
.......######
#.>..........#
.............
##...........####
####.........
#..............#
#.........
#............#.#


You could see 2 jackals.

Vanquished Creatures
  An endoplasm (D:1)
  2 hobgoblins (D:1)
  A jackal (D:1)
  A quokka (D:1)
  2 bats (D:1)
  3 rats (D:1)
10 creatures vanquished.

Notes
Turn   | Place    | Note
-------+----------+-------------------------------------------
     0 | D:1      | Exodus22XD the Kobold Enchanter began the quest for the
                  | Orb.
     0 | D:1      | Reached XP level 1. HP: 10/10 MP: 3/3
   402 | D:1      | Reached XP level 2. HP: 13/15 MP: 5/5
   464 | D:1      | Reached skill level 5 in Stealth
   529 | D:1      | Slain by a jackal

Illustrated notes

Levels and vault maps discovered:
D:1:      eino_arrival_cavern_b, layout_basic,
          hellmonk_ecumenical_altar_heavens_door, minmay_misc_feat_square,
          roderic_roman_lattice, amcnicky_mini_pool_small

Skill      XL: |  1  2 |
---------------+-------+-----
Stealth        | 5 |  5.0
Short Blades   | |  1.3
Dodging        | |  2.4
Spellcasting   | |  2.1
Hexes          | |  3.0

Action                   || total
-------------------------++-------
Melee: Dagger            ||    33
       Punch             ||     1
 Stab: Sleeping          ||     5
Armor: Robe              ||     3
Dodge: Dodged            ||    53
